[Event "Titled Tuesday Blitz February 14 Early 2023"]
[White "Loskutova, Viktoriya"]
[Black "Ilkhomi, Jaloliddin"]
[WhiteFideId "34166278"]
[BlackFideId "14700948"]
[WhiteElo "2153"]
[BlackElo "1997"]
[Result "1/2-1/2"]
[Round "06"]
[TimeControl "180+2"]
[Date "2023.02.15"]
[WhiteClock "0:00:10"]
[BlackClock "0:00:09"]

1. e4 e6 2. d4 d5 3. Nd2 Nf6 4. e5 Nfd7 5. f4 c5 6. c3 Nc6 7. Ngf3 Be7 8. Be2 a6 9. O-O b5 10. Nb3 cxd4 11. Nbxd4 Nxd4 12. Nxd4 g6 13. Kh1 Bb7 14. a4 b4 15. a5 bxc3 16. bxc3 Nc5 17. Bf3 Rc8 18. Ba3 O-O 19. Bb4 Ne4 20. Bxe4 Bxb4 21. Bxg6 hxg6 22. cxb4 Rc4 23. Qd2 Qd7 24. Rfb1 Bc6 25. Nxc6 Qxc6 26. b5 axb5 27. a6 Ra8 28. a7 Qc7 29. Qa2 Ra4 30. Qb2 R8xa7 31. Rxa4 bxa4 32. Ra1 Rb7 33. Qd4 Qc4 34. Qf2 a3 35. h3 Rb3 36. Qh4 a2 37. Qd8+ Kh7 38. Qh4+ Kg8 39. Qd8+ Kg7 40. Qf6+ Kg8 41. Qd8+ 1/2-1/2


[Site "https://www.chess.com"]

[Event "Titled Tuesday Blitz February 14 Early 2023"]
[White "Mushini Ajay"]
[Black "Ibadov, Dashgyn"]
[WhiteFideId "35066188"]
[BlackFideId "24107514"]
[WhiteElo "2310"]
[BlackElo "2391"]
[Result "1-0"]
[Round "06"]
[TimeControl "180+2"]
[Date "2023.02.15"]
[WhiteClock "0:01:13"]
[BlackClock "0:00:01"]

1. d4 d5 2. c4 e6 3. Nc3 c6 4. Nf3 Nf6 5. Bg5 Nbd7 6. e3 Qa5 7. Nd2 Bb4 8. Rc1 dxc4 9. Bxf6 Nxf6 10. Nxc4 Qc7 11. a3 Be7 12. Bd3 O-O 13. f4 Nd5 14. O-O Nxc3 15. Rxc3 c5 16. Ne5 b6 17. Qh5 g6 18. Qh6 Bb7 19. f5 exf5 20. Bxf5 gxf5 21. e4 f4 22. Rxf4 Bxe4 23. Rg4+ Bg6 24. Nxg6 1-0


[Site "https://www.chess.com"]

[Event "Titled Tuesday Blitz February 14 Early 2023"]
[White "Ordekalog"]
[Black "Zia, Tahsin Tajwar"]
[BlackFideId "10211888"]
[WhiteElo "2544"]
[BlackElo "2315"]
[Result "1-0"]
[Round "06"]
[TimeControl "180+2"]
[Date "2023.02.15"]
[WhiteClock "0:00:09"]
[BlackClock "0:00:04"]

1. e4 c5 2. d3 g6 3. g3 Bg7 4. Bg2 Nc6 5. f4 d6 6. Nf3 e6 7. O-O Nge7 8. c3 O-O 9. Be3 b6 10. Na3 Bb7 11. Bf2 a6 12. Re1 Qd7 13. Nc4 Qc7 14. Ne3 Rad8 15. d4 d5 16. e5 Nf5 17. Nxf5 gxf5 18. dxc5 b5 19. Nd4 Na5 20. b3 Rfe8 21. a4 bxa4 22. Rxa4 Nc6 23. b4 Na7 24. Bf1 Qc8 25. Qa1 f6 26. exf6 Bxf6 27. Bxa6 Nc6 28. Bxb7 Qxb7 29. Nxe6 Ra8 30. Rxa8 Rxa8 31. Qd1 d4 32. cxd4 Nxb4 33. Qb3 Kh8 34. d5 Ra2 35. c6 Qb5 36. Nc7 Qa5 37. d6 Rb2 38. Re8+ Kg7 39. Qg8+ Kh6 40. Qf8+ Kg6 41. Qg8+ Kh6 42. Qe6 Qa1+ 43. Kg2 Rxf2+ 44. Kxf2 Qd4+ 45. Qe3 Nd3+ 46. Kf3 Qxd6 47. Re6 Qb4 48. Rxf6+ Kg7 49. Qxd3 Kxf6 50. Nd5+ Ke6 51. Nxb4 h5 52. Nd5 h4 53. Ne3 hxg3 54. Qxf5+ Kd6 55. hxg3 Kc7 56. Qc5 Kc8 57. Qe7 Kb8 58. Qb7# 1-0


[Site "https://www.chess.com"]

[Event "Titled Tuesday Blitz February 14 Early 2023"]
[White "Liu, Casper"]
[Black "Kumala, Aleksander"]
[WhiteFideId "1454153"]
[BlackFideId "1141880"]
[WhiteElo "2278"]
[BlackElo "2165"]
[Result "0-1"]
[Round "06"]
[TimeControl "180+2"]
[Date "2023.02.15"]
[WhiteClock "0:00:01"]
[BlackClock "0:00:08"]

1. d4 Nf6 2. c4 Nc6 3. d5 Ne5 4. b3 e6 5. Bb2 Bb4+ 6. Nd2 Ne4 7. Nf3 Nxf3+ 8. exf3 Nxd2 9. a3 Nxb3+ 10. axb4 Nxa1 11. Qxa1 exd5 12. Bxg7 Qe7+ 13. Be2 Rg8 14. O-O f6 15. Bxf6 Qf7 16. Re1 d6 17. Bd3+ Kf8 18. Be7+ Ke8 19. Bxd6+ Be6 20. cxd5 cxd6 21. Rxe6+ Kd7 22. Bb5+ Kc7 23. Qa5+ b6 24. Qa1 Qxf3 25. Qc1+ Kb8 26. g3 Rc8 27. Qd2 a6 28. Bd7 Rc7 29. Bc6 Qf8 30. Bxa8 Kxa8 31. Qe3 Kb7 32. Re8 Qf6 33. Re6 Rc1+ 34. Kg2 Qc3 0-1


[Site "https://www.chess.com"]

[Event "Titled Tuesday Blitz February 14 Early 2023"]
[White "Skuhala, Barbara"]
[Black "Veiga, Jose Francisco R P Neves"]
[WhiteFideId "14605465"]
[BlackFideId "1930087"]
[WhiteElo "2153"]
[BlackElo "2406"]
[Result "1-0"]
[Round "06"]
[TimeControl "180+2"]
[Date "2023.02.15"]
[WhiteClock "0:01:02"]
[BlackClock "0:00:01"]

1. e4 Nc6 2. d4 d5 3. e5 Bf5 4. Nf3 e6 5. Bd3 Bxd3 6. Qxd3 f6 7. exf6 Nxf6 8. O-O Be7 9. Re1 Qd6 10. Ng5 e5 11. dxe5 Nxe5 12. Qg3 Ng6 13. Qxd6 cxd6 14. Ne6 Kf7 15. Ng5+ Ke8 16. Ne6 Kf7 17. Ng5+ Kg8 18. Ne6 Rc8 19. Nc3 h6 20. Be3 Kf7 21. Bxa7 Ne5 22. Nf4 Nc6 23. Bb6 d4 24. Ncd5 Rhe8 25. Rad1 g5 26. Nxe7 Rxe7 27. Rxe7+ Nxe7 28. Nd3 Nf5 29. Nb4 Re8 30. Kf1 Re4 31. a4 d3 32. Nxd3 Rxa4 33. b3 Ra6 34. Be3 Rc6 35. c4 Rc8 36. Nb4 Re8 37. Bd4 Ne4 38. h3 h5 39. Nd5 g4 40. hxg4 hxg4 41. Ne3 Nxd4 42. Rxd4 g3 43. f3 Nc5 44. Nf5 Nxb3 45. Nxd6+ Ke6 46. Rd3 1-0


[Site "https://www.chess.com"]

[Event "Titled Tuesday Blitz February 14 Early 2023"]
[White "Hoffmann, Asa"]
[Black "Badelka, Olga"]
[WhiteFideId "2001470"]
[BlackFideId "13509926"]
[WhiteElo "2185"]
[BlackElo "2406"]
[Result "1-0"]
[Round "06"]
[TimeControl "180+2"]
[Date "2023.02.15"]
[WhiteClock "0:00:34"]
[BlackClock "0:00:01"]

1. d4 Nf6 2. Bg5 d5 3. Nd2 Nbd7 4. e3 b6 5. f4 Bb7 6. Bd3 c5 7. c3 Ne4 8. Ngf3 f6 9. Bh4 e6 10. O-O Qc7 11. Bxe4 dxe4 12. Ne1 f5 13. a4 cxd4 14. exd4 Bd6 15. Bg3 O-O 16. Nc2 g5 17. Qh5 gxf4 18. Qg5+ Kh8 19. Bxf4 Rg8 20. Bxd6 Qxd6 21. Qf4 e5 22. Nc4 e3 23. N2xe3 exf4 24. Nxd6 Be4 25. Rxf4 Rg6 26. Ndxf5 Re8 27. Raf1 Bc6 28. Kf2 Kg8 29. g3 Kh8 30. Ke2 Rge6 31. Kd2 Nf6 32. Ng4 Ne4+ 33. Kc1 Nd6 34. Ne5 1-0


[Site "https://www.chess.com"]

[Event "Titled Tuesday Blitz February 14 Early 2023"]
[White "Zaragatski, Ilja"]
[Black "Alahakoon, Isuru"]
[WhiteFideId "4655192"]
[BlackFideId "9900993"]
[WhiteElo "2472"]
[BlackElo "1819"]
[Result "1-0"]
[Round "06"]
[TimeControl "180+2"]
[Date "2023.02.15"]
[WhiteClock "0:00:10"]
[BlackClock "0:00:17"]

1. e4 d5 2. exd5 Qxd5 3. Nc3 Qa5 4. d4 Nf6 5. Nf3 Bg4 6. h3 Bh5 7. g4 Bg6 8. Ne5 e6 9. Bg2 c6 10. Qe2 Bb4 11. Bd2 Nbd7 12. a3 Nxe5 13. dxe5 Nd5 14. Ne4 Bxd2+ 15. Qxd2 Qxd2+ 16. Kxd2 O-O-O 17. Nd6+ Kc7 18. Bxd5 exd5 19. f4 f6 20. Rae1 Rd7 21. Nf5 fxe5 22. fxe5 Re8 23. e6 Rdd8 24. Nxg7 Rg8 25. Nf5 Bxf5 26. gxf5 Rdf8 27. e7 Rg2+ 28. Kc1 Re8 29. f6 Rf2 30. Rhf1 1-0


[Site "https://www.chess.com"]

[Event "Titled Tuesday Blitz February 14 Early 2023"]
[White "Gonzalez, Francisco Silva"]
[Black "Toncheva, Nadya"]
[WhiteFideId "1512285"]
[BlackFideId "2924056"]
[WhiteElo "2021"]
[BlackElo "2295"]
[Result "0-1"]
[Round "06"]
[TimeControl "180+2"]
[Date "2023.02.15"]
[WhiteClock "0:00:29"]
[BlackClock "0:00:18"]

1. d4 d5 2. c4 dxc4 3. e4 e5 4. Nf3 Bb4+ 5. Bd2 Bxd2+ 6. Nbxd2 exd4 7. Bxc4 Nc6 8. O-O Qf6 9. e5 Qg6 10. Nh4 Qh6 11. Nhf3 Nge7 12. Ne4 O-O 13. Nxd4 Nxe5 14. Bb3 N7c6 15. Nxc6 Nxc6 16. Ng3 Be6 17. Bxe6 Qxe6 18. Qh5 Rad8 19. a3 Rfe8 20. Rad1 Rxd1 21. Rxd1 h6 22. h3 Qe5 23. Rd7 Qxh5 24. Nxh5 Re1+ 25. Kh2 Re7 26. Rd3 Ne5 27. Rd8+ Kh7 28. f4 Nc6 29. Rc8 Rd7 30. Ng3 Kg6 31. Rg8 Ne7 32. Rb8 b6 33. Rb7 a6 34. Ne4 Nf5 35. g4 Nd4 36. f5+ Kh7 37. Kg3 Re7 38. Kf4 Ne2+ 39. Kf3 Ng1+ 40. Ke3 Nxh3 41. Kd4 Nf4 42. f6 gxf6 43. Nxf6+ Kg6 44. Ne4 Ne6+ 45. Kd3 f5 46. gxf5+ Kxf5 47. Rb8 Nf4+ 48. Ke3 Rxe4+ 49. Kf3 Ne6 50. Rh8 Ng5+ 51. Kf2 Re6 52. Rf8+ Ke4 53. Ke2 c5 54. a4 c4 55. Ra8 a5 56. Rh8 Kd4+ 57. Kd2 Ne4+ 58. Kc2 Nc5 59. Rd8+ Ke3 60. Kc3 Nxa4+ 61. Kxc4 Nxb2+ 62. Kc3 Na4+ 63. Kc4 Nc5 64. Rh8 Ke4 65. Rh7 Kf4 66. Rh8 Kg5 67. Rg8+ Rg6 68. Re8 h5 69. Re5+ Kg4 70. Re8 h4 71. Kb5 h3 72. Rh8 Kg3 73. Rd8 h2 74. Rd2 Rf6 0-1


[Site "https://www.chess.com"]

[Event "Titled Tuesday Blitz February 14 Early 2023"]
[White "Robledo, Cristian"]
[Black "Ruge, Edison"]
[WhiteFideId "133450"]
[BlackFideId "4401000"]
[WhiteElo "2270"]
[BlackElo "2201"]
[Result "1-0"]
[Round "06"]
[TimeControl "180+2"]
[Date "2023.02.15"]
[WhiteClock "0:00:10"]
[BlackClock "0:00:03"]

1. d4 Nf6 2. Bg5 Ne4 3. h4 c5 4. d5 d6 5. Nd2 Nxd2 6. Bxd2 h5 7. e4 g6 8. Bc3 Rg8 9. Nf3 Bg7 10. e5 Bg4 11. Bb5+ Kf8 12. Qe2 Nd7 13. Bxd7 Qxd7 14. O-O-O Qf5 15. Rhe1 Bxf3 16. gxf3 Bxe5 17. Bxe5 Qxe5 18. Qb5 Qf4+ 19. Kb1 b6 20. Qd7 Re8 21. Qxa7 Qxh4 22. Qxb6 Kg7 23. Qb7 Qf6 24. c3 h4 25. a4 Rb8 26. Qxe7 Qxc3 27. Re2 Qxf3 28. Ree1 Qxf2 29. Re2 Qf5+ 30. Ka2 Rge8 31. Qxd6 Rxe2 32. Qxb8 Qc2 33. Qb3 Qe4 34. d6 c4 35. Qc3+ Kh7 36. d7 Re3 37. Qd4 Qc2 38. d8=Q Qxa4+ 39. Kb1 Re8 40. Q8xh4+ Kg8 41. Qhh8# 1-0


[Site "https://www.chess.com"]

[Event "Titled Tuesday Blitz February 14 Early 2023"]
[White "Goncalves, Davi Sulzbacher"]
[Black "Oro, Faustino"]
[WhiteFideId "2154510"]
[BlackFideId "20000197"]
[WhiteElo "2282"]
[BlackElo "2269"]
[Result "0-1"]
[Round "06"]
[TimeControl "180+2"]
[Date "2023.02.15"]
[WhiteClock "0:00:03"]
[BlackClock "0:00:21"]

1. Nf3 Nf6 2. d4 e6 3. Bg5 Be7 4. e3 b6 5. Bd3 Bb7 6. O-O O-O 7. Nbd2 c5 8. c3 d6 9. a4 a6 10. Qe2 Nbd7 11. e4 cxd4 12. cxd4 e5 13. d5 Nc5 14. Bxf6 Bxf6 15. b4 Nxd3 16. Qxd3 Be7 17. Rfc1 g6 18. Nc4 Bc8 19. a5 bxa5 20. Nxa5 Bf6 21. Rc3 Bd7 22. Nc6 Qb6 23. h4 h6 24. g3 Rfc8 25. Rac1 Kg7 26. Nd2 g5 27. h5 Bg4 28. Kg2 Bxh5 29. f3 Bg6 30. Nc4 Qc7 31. Qe3 Rab8 32. Nxb8 Rxb8 33. Nxe5 Qb7 34. Nc6 Rc8 35. R3c2 Qb5 36. f4 gxf4 37. gxf4 Re8 38. e5 dxe5 39. Rc5 Qa4 40. fxe5 Bg5 41. Qf2 Bxc1 42. Rxc1 Qb3 43. Qf6+ Kh7 44. Rf1 Qxd5+ 45. Kg3 Re6 46. Qf2 Qxc6 0-1


[Site "https://www.chess.com"]

[Event "Titled Tuesday Blitz February 14 Early 2023"]
[White "EREBUNI91"]
[Black "Balabayeva, Xeniya"]
[BlackFideId "13719688"]
[WhiteElo "2719"]
[BlackElo "2191"]
[Result "0-1"]
[Round "06"]
[TimeControl "180+2"]
[Date "2023.02.15"]
[WhiteClock "0:00:05"]
[BlackClock "0:00:03"]

1. e4 c5 2. Nc3 e6 3. Nf3 Nc6 4. Bb5 Nd4 5. Nxd4 cxd4 6. Ne2 Qb6 7. Bd3 d6 8. O-O g6 9. c3 dxc3 10. dxc3 Bg7 11. Qc2 Ne7 12. Be3 Qc7 13. Rfd1 O-O 14. Nd4 a6 15. Rd2 Bd7 16. Rad1 Rfd8 17. Be2 Rac8 18. f3 d5 19. Bg5 Be8 20. Nb3 dxe4 21. Rxd8 Rxd8 22. Rxd8 Qxd8 23. Qxe4 Bc6 24. Qb4 Bf8 25. Nd4 Qc7 26. Nxc6 Nxc6 27. Qe4 Qb6+ 28. Kh1 Qxb2 29. h4 Qxc3 30. h5 Qc5 31. f4 h6 32. Bh4 Qf5 33. Qe3 Bc5 34. Qd2 Nd4 35. hxg6 fxg6 36. Bd1 Kf7 37. Bf2 Qd5 38. Qe1 Nf5 39. Bb3 Bxf2 40. Qxf2 Qd4 41. Qe2 Qd6 42. Qc4 b5 43. Qc8 Nd4 44. Qb7+ Kf6 45. Qe4 Nxb3 46. axb3 Kf7 47. Qe3 Kf6 48. Qe4 a5 49. Kh2 Qd5 50. Qe3 a4 51. Qc3+ Kf5 52. Qh3+ Kf6 53. Qh4+ Kf7 54. bxa4 bxa4 55. Qe1 a3 56. Qc1 a2 57. Qc7+ Kf6 58. Qa7 Kf5 59. Qa3 Kxf4 60. g3+ Kf5 61. Kh3 h5 62. Kh2 g5 63. Qa4 Qd2+ 64. Kg1 Qc1+ 65. Kg2 a1=Q 66. Qb5+ Kf6 67. Qe8 Ke5 68. Kf3 Qf1+ 69. Ke3 Qae1# 0-1


[Site "https://www.chess.com"]

[Event "Titled Tuesday Blitz February 14 Early 2023"]
[White "Dehtiarov, Roman"]
[Black "Fernandez Garcia, Gumersindo"]
[WhiteFideId "14186640"]
[BlackFideId "24516740"]
[WhiteElo "2289"]
[BlackElo "2160"]
[Result "1-0"]
[Round "06"]
[TimeControl "180+2"]
[Date "2023.02.15"]
[WhiteClock "0:01:26"]
[BlackClock "0:00:02"]

1. e4 c5 2. Nc3 g6 3. f4 Bg7 4. Nf3 Nc6 5. Bb5 Nd4 6. O-O e6 7. e5 Ne7 8. Nxd4 cxd4 9. Ne4 O-O 10. b3 a6 11. Bd3 b5 12. Ba3 Bb7 13. Nf6+ Kh8 14. Qe1 Nd5 15. Bxf8 Qxf8 16. Ne4 Nb4 17. Nd6 Nxd3 18. cxd3 Bc6 19. Rc1 f6 20. Qg3 Qe7 21. Rc2 Rf8 22. Ne4 fxe5 23. fxe5 Rf5 24. Rxf5 exf5 25. Ng5 h6 26. Nf3 g5 27. h3 f4 28. Qf2 Bxe5 29. Nxe5 Qxe5 30. Rc1 Qd5 31. Re1 Kg7 32. Re4 Kf6 33. h4 Qc5 34. hxg5+ hxg5 35. Rxd4 Qc1+ 36. Kh2 Qd1 37. Rd6+ Ke7 38. Rh6 Kf7 39. Qd4 Ke7 40. Qf6+ Ke8 41. Rh8# 1-0


[Site "https://www.chess.com"]

[Event "Titled Tuesday Blitz February 14 Early 2023"]
[White "Buchenau, Frank"]
[Black "Fiorito, Joaquin"]
[WhiteFideId "4604350"]
[BlackFideId "180173"]
[WhiteElo "2222"]
[BlackElo "2405"]
[Result "1-0"]
[Round "06"]
[TimeControl "180+2"]
[Date "2023.02.15"]
[WhiteClock "0:00:12"]
[BlackClock "0:00:40"]

1. e4 c6 2. Nf3 d5 3. Nc3 Bg4 4. h3 Bxf3 5. Qxf3 Nf6 6. g3 e6 7. Bg2 Bb4 8. e5 Nfd7 9. Qg4 O-O 10. Qxb4 b6 11. Qf4 c5 12. O-O Nc6 13. d3 Nd4 14. Qd2 Nxe5 15. Qd1 Ng6 16. Ne2 Nc6 17. c4 Rc8 18. cxd5 exd5 19. Nf4 Nge7 20. Qh5 Nb4 21. Bd2 Nc2 22. Rac1 Nd4 23. Rfe1 g6 24. Qe5 Ndc6 25. Qf6 Re8 26. Nh5 Nf5 27. Rxe8+ Qxe8 28. Re1 Qd8 29. g4 gxh5 30. Qxf5 Nd4 31. Qxh5 Qf6 32. Qg5+ Qxg5 33. Bxg5 c4 34. dxc4 dxc4 35. Re7 a5 36. Bd5 Kg7 37. Rxf7+ Kg6 38. Be3 Nc6 39. Rb7 Ne5 40. Rxb6+ Kg7 41. f4 Nd3 42. Bd4+ Kf8 43. f5 Rd8 44. Rb5 Ke8 45. Bc3 a4 46. Bxc4 Nc1 47. f6 Rd1+ 48. Kf2 Nd3+ 49. Bxd3 Rxd3 50. Rb8+ Kf7 51. Rb7+ Kf8 52. Bb4+ Ke8 53. f7+ Kd8 54. f8=Q# 1-0


[Site "https://www.chess.com"]

[Event "Titled Tuesday Blitz February 14 Early 2023"]
[White "Escalona Landi, Samid Eduardo"]
[Black "Chernov, Mikhail"]
[WhiteFideId "3937437"]
[BlackFideId "24143170"]
[WhiteElo "2218"]
[BlackElo "2205"]
[Result "1-0"]
[Round "06"]
[TimeControl "180+2"]
[Date "2023.02.15"]
[WhiteClock "0:00:32"]
[BlackClock "0:00:03"]

1. e4 c5 2. Nf3 Nc6 3. Bb5 g6 4. Bxc6 bxc6 5. d3 Bg7 6. h3 d6 7. e5 dxe5 8. Qe2 f6 9. Nc3 Ba6 10. O-O Nh6 11. Ne4 c4 12. dxc4 O-O 13. Rd1 Qc8 14. Nc5 Nf5 15. b3 Bh6 16. Bxh6 Nxh6 17. Rd7 Re8 18. Qd2 Nf5 19. Qa5 Rd8 20. Rad1 Nd4 21. Rxd8+ Qxd8 22. Qxd8+ Rxd8 23. Nxd4 Bc8 24. c3 exd4 25. Rxd4 Re8 26. b4 Kf7 27. a4 e5 28. Rd6 Be6 29. Rxc6 Bxc4 30. Ne4 Bd5 31. Nd6+ Ke6 32. Ra6 Ra8 33. c4 1-0


[Site "https://www.chess.com"]

[Event "Titled Tuesday Blitz February 14 Early 2023"]
[White "Zacurdajev, Dmitry"]
[Black "Belozerov, Andrei"]
[WhiteFideId "4196309"]
[BlackFideId "4120213"]
[WhiteElo "2273"]
[BlackElo "2461"]
[Result "0-1"]
[Round "06"]
[TimeControl "180+2"]
[Date "2023.02.15"]
[WhiteClock "0:00:05"]
[BlackClock "0:00:37"]

1. d4 d5 2. c4 e6 3. Nc3 c6 4. Nf3 Nf6 5. Bg5 h6 6. Bh4 dxc4 7. e4 g5 8. Bg3 b5 9. e5 Nd5 10. Be2 Bb7 11. a4 a6 12. O-O Nd7 13. Ne4 c5 14. axb5 axb5 15. Rxa8 Qxa8 16. b3 Nf4 17. Bxf4 gxf4 18. Nxc5 Nxc5 19. dxc5 Bxc5 20. bxc4 b4 21. Qd2 Rg8 22. Qxf4 b3 23. g3 Qa2 24. Bd3 h5 25. Bh7 Rg4 26. Qf6 Qe2 27. Ng5 Rxg5 28. Qxg5 Qf3 29. Qg8+ Bf8 0-1


[Site "https://www.chess.com"]

[Event "Titled Tuesday Blitz February 14 Early 2023"]
[White "Forgacs, Attila Jr."]
[Black "Florescu, Codrut-Constantin"]
[WhiteFideId "773654"]
[BlackFideId "1202200"]
[WhiteElo "2264"]
[BlackElo "2259"]
[Result "0-1"]
[Round "06"]
[TimeControl "180+2"]
[Date "2023.02.15"]
[WhiteClock "0:00:02"]
[BlackClock "0:00:29"]

1. e4 c5 2. Nf3 e6 3. d4 cxd4 4. Nxd4 a6 5. c4 Nf6 6. Nc3 Bb4 7. Qf3 Qc7 8. Nc2 Be7 9. Bf4 d6 10. Be2 b6 11. O-O Bb7 12. Rfd1 Nbd7 13. Rac1 Ne5 14. Bxe5 dxe5 15. b4 O-O 16. Qe3 Rac8 17. Kf1 g6 18. f3 Nh5 19. g3 f5 20. Kg2 f4 21. Qf2 fxg3 22. hxg3 Bg5 23. Ne3 Rf7 24. Rc2 Rcf8 25. Ng4 Ng7 26. c5 b5 27. a4 h5 28. Nh2 bxa4 29. Ra2 Bc6 30. Bxa6 h4 31. gxh4 Bf4 32. Be2 Bxh2 33. Kxh2 Nh5 34. b5 Be8 35. b6 Qe7 36. Rg1 Rf4 37. Kg2 Rxh4 38. Kf1 Nf4 39. Rb2 Nh3 40. Qg3 Nxg1 41. Kxg1 a3 42. Rb3 Qxc5+ 43. Kg2 Rh7 44. b7 Rxb7 45. Rxb7 Qxc3 46. Qg5 Qc2 47. Kf2 Qc5+ 48. Kg2 Qc6 49. Re7 a2 50. Qxe5 Bf7 0-1


[Site "https://www.chess.com"]

[Event "Titled Tuesday Blitz February 14 Early 2023"]
[White "Danielyan, Vahe"]
[Black "Mirzanurov, Bulat"]
[WhiteFideId "13304828"]
[BlackFideId "4184521"]
[WhiteElo "2346"]
[BlackElo "2232"]
[Result "0-1"]
[Round "06"]
[TimeControl "180+2"]
[Date "2023.02.15"]
[WhiteClock "0:00:02"]
[BlackClock "0:00:06"]

1. c4 e5 2. Nc3 Nf6 3. g3 Bb4 4. Bg2 O-O 5. Nf3 Re8 6. O-O Nc6 7. Nd5 Be7 8. Nxe7+ Qxe7 9. d3 h6 10. b3 d6 11. Bb2 Be6 12. Re1 Nd7 13. d4 exd4 14. Nxd4 Nxd4 15. Qxd4 Nf6 16. Rad1 a5 17. Bxb7 Rab8 18. Bg2 a4 19. Rd3 axb3 20. axb3 Rb6 21. Ba3 c5 22. Qf4 Reb8 23. Bb2 Rxb3 24. Bxf6 Qxf6 25. Rxb3 Rxb3 26. Qxd6 Bxc4 27. Qxc5 Be6 28. Bd5 Rc3 29. Qa5 Bxd5 30. Qxd5 g6 31. e4 Qf3 32. Qd8+ Kg7 33. Qd4+ Kh7 34. e5 Rc2 35. e6 fxe6 36. Ra1 Rc7 37. h4 Qf5 38. Ra8 e5 39. Qd5 Rf7 40. Ra2 Qb1+ 41. Kg2 Qf5 42. Kh2 g5 43. hxg5 hxg5 44. Kg1 g4 45. Re2 Qb1+ 46. Kg2 Re7 47. Qe4+ Qxe4+ 48. Rxe4 Kg6 49. Rxg4+ Kf5 50. Ra4 e4 51. Kf1 Kg4 52. Ke2 Kh3 53. Ke3 Kg2 54. Rxe4 Rf7 55. Rf4 Re7+ 56. Kd4 Re2 0-1


[Site "https://www.chess.com"]

[Event "Titled Tuesday Blitz February 14 Early 2023"]
[White "Demin, Vladimir"]
[Black "Sarkar, Justin"]
[WhiteFideId "4167457"]
[BlackFideId "2010011"]
[WhiteElo "2430"]
[BlackElo "2309"]
[Result "1-0"]
[Round "06"]
[TimeControl "180+2"]
[Date "2023.02.15"]
[WhiteClock "0:01:34"]
[BlackClock "0:00:01"]

1. e4 e5 2. Nf3 Nc6 3. Bc4 Nf6 4. Ng5 d5 5. exd5 Na5 6. d3 h6 7. Nf3 e4 8. dxe4 Nxc4 9. Qd4 Nb6 10. c4 Bb4+ 11. Nfd2 c5 12. Qd3 O-O 13. O-O Ng4 14. Nf3 Nd7 15. Bf4 Qf6 16. Bc1 Nde5 17. Nxe5 Nxe5 18. Qe2 g5 19. a3 Ba5 20. f4 gxf4 21. Bxf4 Bc7 22. Nc3 a6 23. Rad1 Bd6 24. b4 b6 25. b5 a5 26. Na4 Rb8 27. Nb2 Qg7 28. Bxe5 Bxe5 29. Nd3 Bg4 30. Rf3 Bd4+ 31. Kh1 Bxf3 32. Qxf3 Qg6 33. Rf1 Rbe8 34. Nf4 1-0


[Site "https://www.chess.com"]

[Event "Titled Tuesday Blitz February 14 Early 2023"]
[White "Kopczynski, Michal"]
[Black "Valle Maytin, Luis Enrique"]
[WhiteFideId "1124200"]
[BlackFideId "3503666"]
[WhiteElo "2225"]
[BlackElo "2241"]
[Result "1-0"]
[Round "06"]
[TimeControl "180+2"]
[Date "2023.02.15"]
[WhiteClock "0:00:39"]
[BlackClock "0:00:01"]

1. e4 c6 2. d4 d5 3. e5 c5 4. dxc5 e6 5. Be3 Nc6 6. f4 Nh6 7. Bd3 d4 8. Bf2 Bxc5 9. Nd2 Bb4 10. a3 Ba5 11. h3 g5 12. Qh5 Nf5 13. Bxf5 exf5 14. O-O-O Be6 15. Qxg5 Qc7 16. Ngf3 Bb6 17. Qf6 Rg8 18. Ng5 Qd7 19. Nxe6 fxe6 20. Nc4 Bd8 21. Qh6 Bc7 22. Qh5+ Rg6 23. Bh4 b5 24. Nd2 Bd8 25. Nb3 Bxh4 26. Qxh4 Rd8 27. g4 fxg4 28. hxg4 Qe7 29. Qxh7 Qxh7 30. Rxh7 Rxg4 31. Rc7 Ne7 32. Nxd4 Rd5 33. Nxe6 Rxd1+ 34. Kxd1 Rg1+ 35. Kd2 Rf1 36. Rxa7 Nc6 37. Rc7 Ne7 38. Rb7 Rh1 39. Rxb5 Rh2+ 40. Kc3 Rh6 41. Rb8+ Kd7 42. Nd4 Nd5+ 43. Kc4 Nxf4 44. Rb7+ Kc8 45. Rg7 Rh2 46. e6 Kd8 47. Nc6+ Ke8 48. Rg8# 1-0


[Site "https://www.chess.com"]

[Event "Titled Tuesday Blitz February 14 Early 2023"]
[White "Ansh M Shah"]
[Black "Belov, Alexei"]
[WhiteFideId "25033379"]
[BlackFideId "4128206"]
[WhiteElo "2171"]
[BlackElo "2421"]
[Result "1-0"]
[Round "06"]
[TimeControl "180+2"]
[Date "2023.02.15"]
[WhiteClock "0:00:09"]
[BlackClock "0:00:10"]

1. d4 e6 2. c4 d5 3. g3 Nf6 4. Bg2 Be7 5. Nf3 O-O 6. O-O dxc4 7. Qc2 a6 8. a4 Bd7 9. Bg5 Nc6 10. Qxc4 Ne4 11. Bxe7 Qxe7 12. Nc3 Nd6 13. Qc5 b6 14. Qa3 Rad8 15. Rfd1 a5 16. Rac1 Nb4 17. Ne5 Be8 18. Na2 f6 19. Nc4 Nxc4 20. Rxc4 c5 21. Nxb4 axb4 22. Qb3 e5 23. dxc5 Bf7 24. Rxd8 Rxd8 25. Qxb4 Rd1+ 26. Bf1 Qe6 27. Qxb6 1-0


[Site "https://www.chess.com"]

[Event "Titled Tuesday Blitz February 14 Early 2023"]
[White "Ezat, Mohamed"]
[Black "Lorenzo De La Riva, Lazaro"]
[WhiteFideId "10600906"]
[BlackFideId "2268809"]
[WhiteElo "2402"]
[BlackElo "2404"]
[Result "1-0"]
[Round "06"]
[TimeControl "180+2"]
[Date "2023.02.15"]
[WhiteClock "0:00:35"]
[BlackClock "0:00:27"]

1. d4 d6 2. c4 e5 3. Nf3 Nc6 4. Nc3 Bg4 5. d5 Nce7 6. c5 Nf6 7. e4 a6 8. Bg5 Ng6 9. Qb3 Rb8 10. Bxf6 gxf6 11. Nd2 dxc5 12. Nc4 b6 13. Ne3 Bd7 14. Bxa6 Bd6 15. Bb5 O-O 16. h4 Bc8 17. a4 Kh8 18. g3 Ne7 19. Bd3 c6 20. dxc6 Nxc6 21. Ncd5 Nd4 22. Qd1 Rg8 23. Qh5 Rg6 24. Nf5 Bf8 25. Nxd4 cxd4 26. Ke2 Be6 27. Bc4 b5 28. axb5 Bxd5 29. Bxd5 Rxb5 30. b3 Rc5 31. Ra8 Qe7 32. Rha1 Rc2+ 33. Kf1 d3 34. R1a7 Qc5 35. Rxf8+ Qxf8 36. Rxf7 Qh6 37. Qxh6 Rc1+ 38. Kg2 Rxh6 39. Rf8+ Kg7 40. Rg8# 1-0


[Site "https://www.chess.com"]

[Event "Titled Tuesday Blitz February 14 Early 2023"]
[White "Kanyamarala, Trisha"]
[Black "Berezin, Viktor"]
[WhiteFideId "45004722"]
[BlackFideId "14107872"]
[WhiteElo "2278"]
[BlackElo "2307"]
[Result "1-0"]
[Round "06"]
[TimeControl "180+2"]
[Date "2023.02.15"]
[WhiteClock "0:00:04"]
[BlackClock "0:00:05"]

1. c4 Nf6 2. Nc3 g6 3. Nf3 Bg7 4. g3 O-O 5. Bg2 d6 6. O-O Nc6 7. d4 a6 8. d5 Na5 9. Nd2 c5 10. e4 Rb8 11. a4 e5 12. f4 Ng4 13. Nf3 exf4 14. Bxf4 Nxc4 15. Qe2 Nge5 16. b3 Nxf3+ 17. Rxf3 Ne5 18. Rff1 Bg4 19. Qd2 Qd7 20. a5 Bh3 21. Na4 Bxg2 22. Kxg2 Qb5 23. Rab1 Rbe8 24. Nb6 f5 25. exf5 Rxf5 26. Rfe1 Ref8 27. Nc4 Qd7 28. Rbc1 g5 29. Nxe5 dxe5 30. Be3 e4 31. Rxc5 Qf7 32. Qe2 Rxd5 33. Rxd5 Qxd5 34. Rd1 Qxb3 35. Bxg5 Qf3+ 36. Qxf3 exf3+ 37. Kf2 Bc3 38. Rd5 Kg7 39. Bf4 Rf7 40. Kxf3 Re7 41. h4 Bf6 42. h5 Kf7 43. Rd6 Bc3 44. Rh6 Kg7 45. Rd6 Bxa5 46. Bh6+ Kf7 47. Bg5 Rc7 48. Rh6 Kg7 49. Re6 Rf7+ 50. Kg4 Bc7 51. h6+ Kg8 52. Bf6 a5 53. Bg7 Rxg7+ 54. hxg7 a4 55. Re8+ Kxg7 56. Re7+ Kf6 57. Rxc7 b5 58. Rb7 Ke5 59. Rxb5+ Kf6 60. Ra5 Kg6 61. Rxa4 Kg7 62. Ra6 1-0


[Site "https://www.chess.com"]

[Event "Titled Tuesday Blitz February 14 Early 2023"]
[White "Wu, Sibo"]
[Black "Golubev, Mikhail"]
[WhiteFideId "8606048"]
[BlackFideId "14100983"]
[WhiteElo "2082"]
[BlackElo "2461"]
[Result "0-1"]
[Round "06"]
[TimeControl "180+2"]
[Date "2023.02.15"]
[WhiteClock "0:01:05"]
[BlackClock "0:00:54"]

1. d4 Nf6 2. Bf4 d6 3. Nc3 Nbd7 4. e4 e5 5. Be3 Be7 6. f3 O-O 7. Qd2 c6 8. h4 b5 9. h5 exd4 10. Bxd4 b4 11. Nce2 c5 12. Be3 d5 13. exd5 Nb6 14. Nf4 Nfxd5 15. O-O-O Nxe3 16. Qxe3 Qc7 17. Nd5 Nxd5 18. Rxd5 Be6 19. Re5 Bd6 20. f4 f6 21. Rxe6 Bxf4 22. Bc4 Bxe3+ 23. Rxe3+ Kh8 24. Nf3 Qf4 0-1


[Site "https://www.chess.com"]